 Dungeon Crawl Stone Soup version 0.21.1-1-g345015f (webtiles) character file.

53 letownia2 the Insei (level 3, -3/26 HPs)
             Began as a Merfolk Transmuter on Mar 20, 2018.
             Slain by an orc wizard
             ... wielding a +0 dagger
              (4 damage)
             ... on level 4 of the Dungeon.
             The game lasted 00:02:33 (388 turns).

letownia2 the Insei (Merfolk Transmuter)             Turns: 388, Time: 00:02:33

Health: -3/26      AC:  2    Str: 11    XL:     3   Next: 89%
Magic:  1/6        EV: 18    Int: 12    God:
Gold:   30         SH:  0    Dex: 19    Spells: 3/6 levels left

rFire    . . .     SeeInvis .     - Unarmed
rCold    . . .     Gourm    .   (no shield)
rNeg     . . .     Faith    .   b - +0 robe
rPois    .         Spirit   .   (no helmet)
rElec    .         Reflect  .   (no cloak)
rCorr    .         Harm     .   (no gloves)
MR       .....                  (no boots)
Stlth    +++.......             (no amulet)
HPRegen  0.08/turn              (no ring)
MPRegen  0.10/turn              (no ring)

@: agile, appendage (expiring)
A: change form in water, swift swim, stealthy swim, horns 2
a: End Transformation


You were on level 4 of the Dungeon.
You were not hungry.
You had grown temporary horns.
You visited 1 branch of the dungeon, and saw 4 of its levels.

You collected 30 gold pieces.

Inventory:

Missiles
 a - 50 arrows
Armour
 b - a +0 robe (worn)
 f - a +0 ring mail
 g - a +0 helmet
Scrolls
 h - a scroll of identify {unknown}
Books
 c - a book of Changes

   Spells                             Type                      Level
   a - Beastly Appendage              Transmutation                1
   b - Sticks to Snakes               Transmutation                2
   c - Spider Form                    Transmutation/Poison         3
   d - Ice Form                       Ice/Transmutation            4
   e - Blade Hands                    Transmutation                5
Comestibles
 d - 2 rations


   Skills:
 - Level 1.1 Fighting
 - Level 2.6 Dodging
 + Level 4.6 Unarmed Combat
 - Level 2.0 Spellcasting
 + Level 3.8 Transmutations


You had 3 spell levels left.
You knew the following spells:

 Your Spells              Type           Power        Failure   Level  Hunger
a - Beastly Appendage     Tmut           ##....       5%          1    ##.....
l - Sticks to Snakes      Tmut           ##......     9%          2    ###....


Dungeon Overview and Level Annotations

Branches:
Dungeon (4/15)
 Temple: D:4-7

Altars:

Shops:
D:4 :


Innate Abilities, Weirdness & Mutations

You revert to your normal form in water.
You are very nimble and swift while swimming.
You are very stealthy in the water. (Stealth+)
You have a pair of horns on your head.


Message History

You feel stronger.
The orc priest invokes the aid of Beogh against you.
You barely resist.
Unknown command.
You hit the orc priest but do no damage.
You headbutt the orc priest.
The orc priest is heavily wounded.
The orc wizard closely misses you. The orc priest completely misses you.
The orc priest hits your ball python with a hand axe.
Your ball python dies!
Unknown command.
Unknown command.
You hit the orc priest.
The orc priest is severely wounded.
The orc wizard closely misses you.
Unknown command.
You hit the orc priest.
You kill the orc priest!
The orc wizard hits you with a dagger.
You die...

##...............o...#...##
##....##..#...............
##...# #......#......####
#.######.......###...#
####.###....#.##..#####....
.........####.##.....# ###
.........####....###.....
.........#....∩)o# ....
.........#.....)@# ...
##########.....).# ..
#.......# . #.......#
#.......# #.......#
#########


You could see an orc wizard.

Vanquished Creatures
  An orc priest (D:4)
  A worm (D:3)
  2 leopard geckos
  An orc (D:4)
  3 goblins
  2 hobgoblins (D:3)
  A rat (D:3)
11 creatures vanquished.

Vanquished Creatures (collateral kills)
  A worm (D:3)
  2 orcs (D:4)
3 creatures vanquished.

Grand Total: 14 creatures vanquished

Notes
Turn   | Place    | Note
-------+----------+-------------------------------------------
     0 | D:1      | letownia2 the Merfolk Transmuter began the quest for the Orb.
     0 | D:1      | Reached XP level 1. HP: 15/15 MP: 3/3
   170 | D:3      | Reached XP level 2. HP: 20/21 MP: 1/5
   179 | D:3      | Learned a level 2 spell: Sticks to Snakes
   197 | D:3      | Reached skill level 4 in Unarmed Combat
   349 | D:4      | Found Obbea's Book Shoppe.
   385 | D:4      | HP: 1/21 [orc wizard/dagger (4)]
   385 | D:4      | Reached XP level 3. HP: 1/26 MP: 1/6
   388 | D:4      | Slain by an orc wizard

Skill      XL: |  1  2 |
---------------+-------+-----
Unarmed Combat | 4 |  4.6
Transmutations | 3 |  3.8
Fighting       | |  1.1
Dodging        | |  2.6
Spellcasting   | |  2.0

Action                   || total
-------------------------++-------
Melee: Unarmed           ||    31
       Headbutt          ||     9
       Punch             ||     1
 Cast: Beastly Appendage ||     9
       Sticks to Snakes  ||     3
  Use: Potion            ||     1
Armor: Robe              ||     1
Dodge: Dodged            ||    17
